 Dungeon Sprint DCSS version 0.28.0-53-g5a82cb258f (webtiles) character file.

Game seed: 7948647613410091777

296 Zeld the Sage (level 6, -1/32 HPs)
             Began as a Deep Elf Conjurer on June 6, 2022.
             Was a High Priest of Sif Muna.
             Killed from afar by an efreet (26 damage)
             ... with a bolt of fire
             ... in the Dungeon (Sprint VII: "The Pits").
             The game lasted 00:01:44 (1408 turns).

Zeld the Sage (Deep Elf Conjurer)                   Turns: 1408, Time: 00:01:44

Health: -1/32      AC:  2    Str:  4    XL:     6   Next: 12%
Magic:  17/19      EV: 13    Int: 25    God:    Sif Muna [*****.]
Gold:   0          SH:  0    Dex: 13    Spells: 11/22 levels left

rFire   . . .      SeeInvis .   a - +2 quarterstaff
rCold   . . .      Faith    .   (shield currently unavailable)
rNeg    . . .      Spirit   .   h - +0 robe
rPois   .          Reflect  .   (no helmet)
rElec   .          Harm     .   (no cloak)
rCorr   .          Rampage  .   (no gloves)
Will    .....      NoTele   +   (no boots)
Stlth   ++........              (no amulet)
HPRegen 0.10/turn               (no ring)
MPRegen 0.16/turn               (no ring)

@: lethally poisoned (-1 -> -4), channelling, very slightly contaminated
A: no striking features
a: Renounce Religion, Channel Magic, Forget Spell, Divine Exegesis


You were in the Dungeon.
You worshipped Sif Muna.
Sif Muna was extremely pleased with you.
You visited 1 branch

Inventory:

Hand Weapons
 a - a +2 quarterstaff (weapon)
Armour
 h - a +0 robe (worn)
Scrolls
 g - a scroll of blinking
 j - 5 scrolls of amnesia
 k - a scroll of summoning
Potions
 b - 6 potions of curing
 c - 6 potions of heal wounds
 d - a potion of haste
 e - 4 potions of magic
 f - 3 potions of berserk rage
 i - 2 potions of invisibility


   Skills:
 + Level 4.4 Dodging
 - Level 2.4 Stealth
 + Level 8.5 Spellcasting
 + Level 8.0 Conjurations
 - Level 2.0 Hexes
 - Level 2.0 Translocations
 * Level 9.3 Invocations


You had 11 spell levels left.
You knew the following spells:

 Your Spells              Type           Power      Damage    Failure   Level
a - Magic Dart            Conj           100%       1d8       1%          1
b - Searing Ray           Conj           100%       2d8       1%          2
c - Fulminant Prism       Conj/Hex       17%        3d11      7%          4
d - Iskenderun's Mystic   Conj/Tloc      35%        2d8       7%          4

Your spell library contained the following spells:

 Spells                   Type           Power      Damage    Failure   Level
 Dazzling Flash           Conj/Hex       70%        N/A       2%          3


Dungeon Overview and Level Annotations

Branches:
Dungeon (1/1)

Altars:
Ashenzari
Cheibriados
Dithmenos
Elyvilon
Fedhas
Gozag
Hepliaklqana
Kikubaaqudgha
Makhleb
Nemelex Xobeh
Okawaru
Qazlal
Ru
Sif Muna
Trog
Uskayaw
Vehumet
Wu Jian
Xom
Yredelemnul
Zin
The Shining One
Beogh
Jiyva
Lugonu

Annotations:
D Duvessa


Message History

Sif Muna grants you a gift!
You feel less invigorated.
Your Conjurations skill increases to level 8!
Unknown command.
Casting: Iskenderun's Mystic Blast (quite dangerous; 8% risk of failure)
Confirm with . or Enter, or press ? or * to list all spells.
The spell is quite dangerous to miscast (8% risk of failure)!
Continue anyway?
You erupt in a blast of force!
The mystic blast hits the mummy!
You destroy the mummy!
Sif Muna accepts your kill.
The mystic blast hits the gnoll sergeant but does no damage.
The gnoll sergeant is heavily wounded.
The mystic blast hits the orange demon.
The orange demon is moderately wounded.
The orange demon is knocked back by the mystic blast.
The gnoll sergeant hits you from afar with a +4 trident of venom.
You are poisoned.
Unknown command.
Unknown command.
You feel sick.
Duvessa rages.
The gnoll sergeant barely misses you. Duvessa misses you.
Unknown command.
Casting: Iskenderun's Mystic Blast (quite dangerous; 7% risk of failure)
Confirm with . or Enter, or press ? or * to list all spells.
The spell is quite dangerous to miscast (7% risk of failure)!
Continue anyway?
You erupt in a blast of force!
The mystic blast hits the rat!
You kill the rat!
Sif Muna accepts your kill.
The mystic blast hits the gnoll sergeant.
The gnoll sergeant is heavily wounded.
The gnoll sergeant is knocked back by the mystic blast.
The mystic blast hits the efreet but does no damage.
The efreet is moderately wounded.
The mystic blast hits Duvessa but does no damage.
You feel sick. The efreet gestures at you. The bolt of fire hits you!!
Ouch! That really hurt!
You die...

#)##'#.....##...<...#
#.#.†.....†##.......#
#)#........##.......#
#)###########.......#
#.......#.. #########
#..###..#.# ###
#.......#)# ...#
##.###.##e#)...#
#.......#@')g..+
#..###..#'#R...#
#.......'.# ○4.#
########### ###


You could see an orange demon, an efreet, Duvessa (berserk) and a gnoll
sergeant.

Vanquished Creatures
  A floating eye (D)
  Dowan (D)
  An iron imp (D)
  An orc wizard (D)
  A mummy (D)
  5 gnolls (D)
  An adder (D)
  A white imp (D)
  2 orcs (D)
  A ball python (D)
  A bat zombie (D)
  An endoplasm (D)
  A goblin (D)
  A hobgoblin (D)
  2 jackals (D)
  A ball python zombie (D)
  4 rats (D)
26 creatures vanquished.

Notes
Turn   | Place    | Note
-------+----------+-------------------------------------------
     0 | D        | Zeld the Deep Elf Conjurer began the quest for the Orb.
     0 | D        | Reached XP level 1. HP: 10/10 MP: 6/6
    13 | D        | Reached skill level 1 in Hexes
    13 | D        | Reached skill level 1 in Translocations
   102 | D        | Found a bloodstained altar of Trog.
   102 | D        | Found a shimmering blue altar of Sif Muna.
   102 | D        | Found a viscous altar of Jiyva.
   102 | D        | Found a hazy altar of Hepliaklqana.
   102 | D        | Found an opulent altar of Gozag.
   103 | D        | Found a glowing golden altar of the Shining One.
   103 | D        | Found a glowing silver altar of Zin.
   103 | D        | Found a basalt altar of Yredelemnul.
   103 | D        | Found a shimmering altar of Xom.
   103 | D        | Found an ornate altar of the Wu Jian Council.
   103 | D        | Found a sacrificial altar of Ru.
   103 | D        | Found a stormy altar of Qazlal.
   103 | D        | Found an iron altar of Okawaru.
   103 | D        | Found a sparkling altar of Nemelex Xobeh.
   103 | D        | Found a burning altar of Makhleb.
   103 | D        | Found a blossoming altar of Fedhas.
   103 | D        | Found a white marble altar of Elyvilon.
   103 | D        | Found a shadowy altar of Dithmenos.
   103 | D        | Found a snail-covered altar of Cheibriados.
   104 | D        | Found a radiant altar of Vehumet.
   104 | D        | Found a corrupted altar of Lugonu.
   105 | D        | Found an ancient bone altar of Kikubaaqudgha.
   105 | D        | Found a hide-covered altar of Uskayaw.
   105 | D        | Found a broken altar of Ashenzari.
   106 | D        | Became a worshipper of Sif Muna the Loreminder
   305 | D        | Reached skill level 2 in Invocations
   305 | D        | Reached XP level 2. HP: 15/15 MP: 3/8
   308 | D        | Learned a level 2 spell: Searing Ray
   540 | D        | Reached * piety under Sif Muna
   543 | D        | Reached skill level 5 in Conjurations
   543 | D        | Reached skill level 3 in Invocations
   773 | D        | Noticed a floating eye
   777 | D        | Reached ** piety under Sif Muna
   778 | D        | Paralysed by a floating eye for 4 turns
   782 | D        | Killed a floating eye
   783 | D        | Reached skill level 6 in Invocations
   783 | D        | Reached XP level 3. HP: 19/19 MP: 2/13
   783 | D        | Reached XP level 4. HP: 24/24 MP: 2/14
   788 | D        | Learned a level 4 spell: Fulminant Prism
   793 | D        | Learned a level 4 spell: Iskenderun's Mystic Blast
  1024 | D        | Reached *** piety under Sif Muna
  1025 | D        | Reached skill level 7 in Invocations
  1026 | D        | Reached XP level 5. HP: 19/28 MP: 11/16
  1026 | D        | Reached **** piety under Sif Muna
  1139 | D        | Reached skill level 8 in Invocations
  1276 | D        | Noticed Duvessa
  1276 | D        | Noticed Dowan
  1399 | D        | Noticed an efreet
  1399 | D        | Noticed an orange demon
  1402 | D        | Reached ***** piety under Sif Muna
  1404 | D        | Killed Dowan
  1405 | D        | Reached skill level 9 in Invocations
  1405 | D        | Reached XP level 6. HP: 32/32 MP: 19/19
  1405 | D        | Received a gift from Sif Muna
  1408 | D        | Killed from afar by an efreet

Illustrated notes

Levels and vault maps discovered:
D:        pitsprint [storerooms_1, entrance_room_1, metal_vault_8, armoury_3,
          mini_pit_1, grid_room_1, main_hall_1, silver_pit, the_coven_2,
          the_vestibule_1, steel_vault_3, golden_pit, hallway_of_sentries,
          crystal_vault_3, iron_vault_1, final_vault]

Skill      XL: |  1  2  3  4  5  6 |
---------------+-------------------+-----
Hexes          | 2 |  2.0
Translocations | 2 |  2.0
Invocations    | 2 6 7 9 |  9.3
Spellcasting   | 6 7 8 |  8.5
Conjurations   | 6 7 8 |  8.0
Dodging        | 4 |  4.4
Stealth        | |  2.4

Action                   |  1- 3 |  4- 6 || total
-------------------------+-------+-------++-------
Melee: Unarmed           |     1 |       ||     1
 Cast: Magic Dart        |    12 |       ||    12
       Searing Ray       |     3 |     5 ||     8
       Iskenderun's Myst |       |     7 ||     7
Invok: Channel Magic     |       |     2 ||     2
Armor: Robe              |     1 |       ||     1
Dodge: Dodged            |     6 |     3 ||     9
